 Dungeon Crawl Stone Soup version 0.17.0-28-g6e173f8 (webtiles) character file.

78 dohliylev the Covered (level 4, -1/40 HPs)
             Began as a Minotaur Fighter on Nov 27, 2015.
             Killed by divine providence
             ... invoked by an orc priest
              (17 damage)
             ... on level 3 of the Dungeon.
             The game lasted 00:06:06 (1451 turns).

dohliylev the Covered (Minotaur Fighter)            Turns: 1451, Time: 00:06:07

Health: -1/40      AC:  7    Str: 21    XL:     4   Next: 15%
Magic:  3/3        EV:  7    Int:  5    God:
Gold:   117        SH:  9    Dex: 10    Spells: 0 memorised, 3 levels left

rFire  . . .     SeeInvis .     a - +0 war axe
rCold  . . .     Clarity  .     b - +0 scale mail
rNeg   . . .     SustAt   .     c - +0 shield
rPois  .         Gourm    .     (helmet restricted)
rElec  .         Spirit   .     (no cloak)
rCorr  .         Warding  .     (no gloves)
rMut   .         Stasis   .     (no boots)
MR     .....                    (no amulet)
Stlth  ..........               (no ring)
                                (no ring)

@: lethally poisoned (-1 -> -3), not resistant to hostile enchantments,
extremely unstealthy
A: retaliatory headbutt, horns 2
a: no special abilities


You were on level 3 of the Dungeon.
You were not hungry.

You visited 1 branch of the dungeon, and saw 3 of its levels.

You collected 117 gold pieces.

Inventory:

Hand Weapons
 a - a +0 war axe (weapon)
Missiles
 u - 5 tomahawks (quivered)
Armour
 b - a +0 scale mail (worn)
 c - a +0 shield (worn)
Scrolls
 f - a scroll of enchant armour {unknown}
 j - 2 scrolls of identify {unknown}
 m - 2 scrolls of random uselessness {unknown}
 r - a scroll of noise {unknown}
 s - a scroll of remove curse {unknown}
Potions
 d - a potion of might
 g - 3 potions of heal wounds {unknown}
 n - 4 potions of curing {unknown}
 p - a potion of cancellation {unknown}
 q - a potion of magic {unknown}
 t - a potion of flight {unknown}
Comestibles
 e - 2 bread rations
 h - 2 fruits
 i - 6 chunks of flesh
 k - a beef jerky
 l - 2 meat rations
 o - a royal jelly


   Skills:
 + Level 4.1 Fighting
 + Level 2.8 Axes
 + Level 4.7 Armour
 + Level 0.4 Dodging
 + Level 4.5 Shields


You had 3 spell levels left.
You didn't know any spells.

Dungeon Overview and Level Annotations

Branches:
Dungeon (3/15)

Altars:


Innate Abilities, Weirdness & Mutations

You reflexively headbutt those who attack you in melee.
You have a pair of horns on your head.


Message History

You block the adder's attack. The orc hits you but does no damage.
You block the orc priest's attack. The adder bites you.
You are poisoned.
The adder poisons you! The orc barely misses you.
The orc priest hits you but does no damage.
You hit the adder but do no damage.
The adder is heavily wounded.
You hit the worm.
The worm is moderately wounded.
You barely miss the orc priest.
The orc priest is almost dead.
Your shield prevents you from hitting the orc.
The orc is moderately wounded.
You feel sick. You block the adder's attack. The worm bites you.
The orc priest barely misses you. The adder bites you but does no damage.
The orc hits you but does no damage.
An ooze comes into view.
The orc priest invokes the aid of Beogh against you.
Something smites you!
You die...

#>.........
#.......... .
#..÷#.# .. #.#.#.#
#... #.#.#.# ....#
#)#.#.####...$.#
#####...#...)......#
#........#####......
#...@....# ....#
###†w.S....# ...#
#..)oo.....# ..#
#.#........#######
.# ..
#..............# #
.. #........#####.#
. #......#.#
#.#+##.#.# #. )....


You could see a worm, an orc priest, an adder and an orc.

Vanquished Creatures
  3 adders
  3 giant geckos
  5 orcs (D:3)
  6 goblins
  6 hobgoblins
  5 kobolds
  A ball python (D:1)
  4 bats
  2 giant cockroaches
  5 giant newts
  5 rats
45 creatures vanquished.

Notes
Turn   | Place    | Note
--------------------------------------------------------------
     0 | D:1      | dohliylev the Minotaur Fighter began the quest for the Orb.
     0 | D:1      | Reached XP level 1. HP: 19/19 MP: 0/0
    86 | D:1      | Reached skill level 4 in Armour
    94 | D:1      | Reached XP level 2. HP: 16/27 MP: 1/1
   705 | D:2      | Reached XP level 3. HP: 31/33 MP: 2/2
  1397 | D:3      | Reached XP level 4. HP: 40/40 MP: 3/3
  1451 | D:3      | Killed from afar by an orc priest

Action                   |  1- 3 |  4- 6 || total
-------------------------+-------+-------++-------
Melee: War axe           |   108 |    21 ||   129
  Eat: Chunk             |     2 |       ||     2
